 Dungeon Crawl Stone Soup version 0.21-a0-507-ga8f6b7a (webtiles) character file.

824 Cricketeer the Chopper (level 7, -11/62 HPs)
             Began as a Minotaur Berserker on Nov 28, 2017.
             Was a Priest of Trog.
             Mangled by an orc warrior
             ... wielding a +0 glaive
              (19 damage)
             ... on level 6 of the Dungeon.
             The game lasted 00:11:24 (4779 turns).

Cricketeer the Chopper (Minotaur Berserker)         Turns: 4779, Time: 00:11:24

Health: -11/62     AC: 13    Str: 24    XL:     7   Next: 64%
Magic:  6/6        EV:  3    Int:  7    God:    Trog [***...]
Gold:   211        SH: 12    Dex:  9    Spells: 6/6 levels left

rFire    . . .     SeeInvis .   a - +0 hand axe
rCold    . . .     Gourm    .   q - +0 large shield
rNeg     . . .     Faith    .   w - +0 plate armour
rPois    .         Spirit   .   (helmet restricted)
rElec    .         Reflect  .   F - +0 cloak
rCorr    .         Harm     .   (no gloves)
MR       .....                  (no boots)
Stlth    ..........             (no amulet)
HPRegen  0.20/turn              j - +3 ring of intelligence
MPRegen  0.10/turn              (no ring)

@: lethally poisoned (-11 -> -12), berserk cooldown, starving, slowed, very slow
A: retaliatory headbutt, horns 2
a: Berserk, Trog's Hand, Burn Spellbooks, Renounce Religion


You were on level 6 of the Dungeon.
You worshipped Trog.
Trog was most pleased with you.
You were starving.

You visited 1 branch of the dungeon, and saw 6 of its levels.

You collected 211 gold pieces.

Inventory:

Hand Weapons
 a - a +0 hand axe (weapon)
Armour
 q - a +0 large shield (worn)
 w - a +0 plate armour (worn)
 F - a +0 cloak (worn)
Jewellery
 j - a +3 ring of intelligence (left hand)
 t - an uncursed amulet of the gourmand {unknown}
 B - the brooch of Shielding {Reflect SH+8}
   (You found it on level 5 of the Dungeon)

   [amulet of reflection]

   It shields you and reflects attacks.
   It affects your SH (+8).
 E - an uncursed ring of flight {unknown}
Scrolls
 g - 2 scrolls of magic mapping {unknown}
 i - 3 scrolls of identify {unknown}
 m - a scroll of enchant armour {unknown}
 n - 2 scrolls of teleportation {unknown}
 p - 4 scrolls of remove curse {unknown}
 s - a scroll of amnesia {unknown}
 v - a scroll of fog {unknown}
 y - a scroll of enchant weapon {unknown}
 C - a scroll of fear {unknown}
 D - a scroll of blinking {unknown}
Potions
 b - a potion of mutation {unknown}
 d - a potion of ambrosia {unknown}
 e - 3 potions of brilliance {unknown}
 f - a potion of lignification {unknown}
 h - a potion of invisibility {unknown}
 l - 3 potions of curing {unknown}
 o - a potion of heal wounds {unknown}
 u - a potion of haste {unknown}
 x - 2 potions of experience {unknown}
 z - 2 potions of might {unknown}
Comestibles
 c - 3 bread rations
 k - 4 meat rations
 r - a fruit
 A - a royal jelly


   Skills:
 + Level 5.8 Fighting
 * Level 7.5 Axes
 + Level 5.2 Armour
 + Level 4.6 Dodging


You had 6 spell levels left.
You didn't know any spells.

Dungeon Overview and Level Annotations

Branches:
Dungeon (6/15)
 Temple: D:4-7

Altars:
Cheibriados
Okawaru
Ru


Innate Abilities, Weirdness & Mutations

You reflexively headbutt those who attack you in melee.
You have a pair of horns on your head.


Message History

The orc warrior is lightly wounded.
You closely miss the orc. You hit the orc. You block the orc warrior's attack.
The orc hits you but does no damage. x2
The orc warrior hits you but does no damage.
You block the orc's attack.
You hit the orc warrior but do no damage.
Your headbutt misses the orc warrior.
The orc warrior is lightly wounded.
You closely miss the orc.
Your shield and plate armour prevent you from hitting the orc.
You feel sick. The orc hits you but does no damage. You block the orc's attack.
The orc warrior hits you with a glaive!
* * * LOW HITPOINT WARNING * * *
The orc hits you but does no damage.
You closely miss the orc.
The orc is lightly wounded.
You hit the orc warrior but do no damage.
You hit the orc but do no damage.
You feel sick. You block the orc's attack. x2
The orc warrior hits you with a glaive!!
You die...

##########
###.... ....
#.....#...
####.....#.###
.............#
#....!#
#..o@o#
###.o#..#
#.###.# #.##
#.. ... ...
o### ...# ..
... . ...


You could see an orc warrior and 2 orcs.

Vanquished Creatures
  An ogre (D:5)
  2 scorpions
  2 howler monkeys
  A crimson imp (D:5)
  4 orc priests (D:5)
  2 hounds
  4 orc wizards
  2 worker ants
  5 adders
  3 oozes
  An adder zombie (D:5)
  An adder skeleton (D:4)
  A worm (D:3)
  4 dart slugs
  4 leopard geckos
  22 orcs
  4 giant cockroaches
  7 goblins
  5 hobgoblins
  12 jackals
  8 kobolds
  2 quokkas
  2 ball pythons
  13 bats
  2 frilled lizards
  A leopard gecko zombie (D:5)
115 creatures vanquished.

Notes
Turn   | Place    | Note
-------+----------+-------------------------------------------
     0 | D:1      | Cricketeer the Minotaur Berserker began the quest for the Orb.
     0 | D:1      | Reached XP level 1. HP: 19/19 MP: 0/0
    62 | D:1      | Reached XP level 2. HP: 22/27 MP: 1/1
    68 | D:1      | Reached skill level 4 in Axes
   385 | D:1      | Reached XP level 3. HP: 31/33 MP: 2/2
   537 | D:1      | Reached ** piety under Trog
  1130 | D:2      | Found a snail-covered altar of Cheibriados.
  1243 | D:2      | Reached XP level 4. HP: 19/40 MP: 3/3
  1920 | D:3      | Found a faded altar of an unknown god.
  2357 | D:3      | Reached skill level 5 in Axes
  2580 | D:4      | Reached XP level 5. HP: 36/47 MP: 4/4
  3147 | D:4      | Reached *** piety under Trog
  3313 | D:4      | Reached XP level 6. HP: 52/55 MP: 5/5
  3597 | D:5      | Entered Level 5 of the Dungeon
  3598 | D:5      | Found an iron altar of Okawaru.
  3603 | D:5      | Reached skill level 5 in Fighting
  3603 | D:5      | Reached skill level 6 in Axes
  3690 | D:5      | Found the brooch of Shielding {Reflect SH+8}
  3770 | D:5      | Reached XP level 7. HP: 61/61 MP: 6/6
  4078 | D:5      | Reached skill level 7 in Axes
  4335 | D:5      | Reached skill level 5 in Armour
  4372 | D:5      | Found a sacrificial altar of Ru.
  4779 | D:6      | Mangled by an orc warrior

Vault maps used:
D:1:      evilmike_arrival_plus
D:2:      kennysheep_slug_shrine
D:3:      chequers_ecumenical_altar_lobes, first_bread, grunt_decor_fettered
D:4:      hangedman_decor_opposing
D:5:      nicolae_ru_sacrificial_ziggurat, basic_altar, minmay_misc_feat_iff
D:6:      lemuel_upstairs_altar, minmay_temple_entry_statues_pillars,
          gup_ossuary_entry_pyramid, gup_sewer_entry_pipe, uniq_sigmund

Skill      XL: |  1  2  3  4  5  6  7 |
---------------+----------------------+-----
Axes           | 4 5 6 7 |  7.5
Fighting       | 4 5 |  5.8
Armour         | 3 4 5 |  5.2
Dodging        | 3 4 |  4.6

Action                   |  1- 3 |  4- 6 |  7- 9 || total
-------------------------+-------+-------+-------++-------
Melee: Hand axe          |    55 |   176 |    84 ||   315
       Headbutt          |     9 |    25 |    22 ||    56
Invok: Berserk           |       |     2 |     2 ||     4
  Eat: Chunk             |     1 |     5 |     3 ||     9
       Meat ration       |       |     1 |       ||     1
Armor: Animal skin       |    10 |       |       ||    10
       Plate armour      |       |    99 |    52 ||   151
Dodge: Dodged            |    62 |    16 |     6 ||    84
Block: Large shield      |       |   110 |    53 ||   163

Table legend:
 A = Spawn XP
 B = Non-spawn XP
 C = Spawn XP percentage of total XP
 D = Spawn monster count
 E = Non-spawn monster count
 F = Spawn count percentage of total count
 G = Total turns spent on level
                    A         B        C        D         E        F      G
               +---------+---------+-------+---------+---------+-------+---------
         Total |       0 |    1178 |   0.0 |       0 |     115 |   0.0 |  4779
               +---------+---------+-------+---------+---------+-------+---------
           D:1 |       0 |      48 |   0.0 |       0 |      23 |   0.0 |   695
           D:2 |       0 |      64 |   0.0 |       0 |      15 |   0.0 |   978
           D:3 |       0 |      51 |   0.0 |       0 |      20 |   0.0 |   892
           D:4 |       0 |     245 |   0.0 |       0 |      21 |   0.0 |  1032
           D:5 |       0 |     616 |   0.0 |       0 |      30 |   0.0 |  1155
           D:6 |       0 |     154 |   0.0 |       0 |       6 |   0.0 |    27
               +---------+---------+-------+---------+---------+-------+---------
